Map: [ESL] Gresvan

Players

Serral

  • Race: Zerg Zerg
  • Spawn Location: 11:00

Wayne - Winner!

  • Race: Zerg Zerg
  • Spawn Location: 5:00

Event: ESL SC2 Masters 2023 Summer (Regionals)

VOD

Have the link to the VOD?

Description

Time

  • Played on: May 10, 2023, 11:22 a.m.
  • Length: 10:20

All games in this series

Show
View Real Time Build Order
Export as new Build Order

Serral Zerg 

Build Orders: Hatch First, Zergling Baneling 

Get SALT Encoding   

  12  0:00  Drone  
  13  0:12  Overlord  
  13  0:17  Drone  
  14  0:30  Drone x2  
  16  0:48  Hatchery  
  15  0:51  Drone  
  15  0:54  Drone  
  17  0:57  Drone  
  18  1:10  Extractor  
  17  1:13  Spawning Pool  
  17  1:15  Drone  
  17  1:19  Drone  
  18  1:28  Drone  
  19  1:38  Drone  
  20  1:50  Drone  
  21  1:59  Queen x2  
  21  2:00  Overlord, Zergling x2  
  26  2:11  Drone x2, Metabolic Boost  
  28  2:21  Drone x2  
  30  2:32  Hatchery  
  30  2:35  Drone  
  30  2:38  Drone  
  30  2:43  Drone  
  32  2:48  Baneling Nest  
  32  2:49  Overlord  
  31  2:54  Drone x2  
  33  3:04  Drone x2  
  35  3:07  Zergling x2  
  35  3:08  Zergling x6  
  35  3:10  Zergling x2  
  35  3:12  Zergling x2  
  41  3:17  Drone, Overlord  
  42  3:23  Queen  
  44  3:34  Baneling x2  
  44  3:36  Drone, Zergling x2  
  44  3:39  Drone x4  
  44  3:40  Drone  
  51  3:42  Drone  
  51  3:45  Evolution Chamber  
  51  3:47  Zergling x2  
  52  3:51  Drone  
  52  3:53  Drone  
  54  3:56  Extractor  
  54  3:59  Zergling x2  
  54  4:01  Drone x2  
  56  4:03  Roach Warren  
  56  4:04  Baneling x2  
  56  4:06  Zergling x2  
  55  4:11  Overlord  
  55  4:14  Zergling x6  
  55  4:15  Baneling x2  
  58  4:20  Extractor, Baneling x2  
  58  4:23  Zergling x6  
  55  4:31  Drone x2  
  57  4:35  Drone  
  57  4:37  Drone  
  59  4:39  Overlord  
  59  4:43  Drone x3  
  62  4:45  Drone x2  
  62  4:47  Drone  
  62  4:48  Drone, Overlord  
  62  4:50  Drone  
  66  4:54  Queen  
  66  4:59  Zerg Missile Weapons Level 1  
  66  5:04  Lair  
  66  5:05  Drone  
  67  5:09  Drone  
  67  5:14  Drone  
  67  5:17  Drone x2  
  67  5:21  Overlord  
  70  5:23  Extractor  
  70  5:24  Roach x3  
  75  5:28  Overlord  
  75  5:29  Overlord  
  75  5:34  Roach x3  
  80  5:38  Baneling x2  
  80  5:40  Overlord  
  79  5:44  Roach x3  
  79  5:48  Overlord  
  85  5:50  Spine Crawler  
  85  5:51  Overlord  
  85  5:54  Overlord  
  85  5:56  Roach x3  
  90  6:00  Drone x4  
  94  6:04  Drone x4  
  98  6:13  Overseer  
  98  6:14  Spire, Extractor, Drone x2  
  98  6:17  Drone  
  99  6:27  Drone x7  
  99  6:29  Extractor  
  104  6:37  Overlord  
  104  6:40  Roach x4  
  104  6:41  Roach x2  
  104  6:42  Overlord  
  104  6:46  Roach  
  117  6:48  Overseer  
  117  6:49  Overlord  
  119  6:54  Roach x2  
  119  6:56  Overlord  
  119  7:00  Glial Reconstitution  
  121  7:01  Zerg Missile Weapons Level 2  
  121  7:06  Roach x2  
  125  7:10  Overlord  
  125  7:12  Overlord  
  125  7:26  Drone x3  
  125  7:27  Drone x3  
  131  7:31  Roach x5  
  131  7:33  Drone  
  131  7:36  Overlord  
  142  7:37  Overlord  
  142  7:40  Roach  
  142  7:41  Roach  
  146  7:45  Hatchery  
  146  7:47  Roach x3  
  146  7:48  Roach  
  153  7:53  Corruptor x2  
  153  7:57  Corruptor  
  158  8:02  Corruptor  
  158  8:05  Roach x2  
  161  8:10  Roach x4  
  165  8:17  Corruptor  
  165  8:19  Overlord  
  167  8:21  Roach x2  
  167  8:25  Burrow, Tunneling Claws  
  167  8:26  Corruptor  
  173  8:30  Corruptor  
  179  8:41  Overlord  
  179  8:44  Overlord  
  178  8:56  Roach x5  
  178  9:01  Roach x3  
  176  9:04  Roach x5  
  176  9:07  Roach  
  176  9:09  Roach  
  162  9:12  Roach  
  162  9:13  Queen x3  
  162  9:16  Roach x2  
  150  9:20  Roach  
  143  9:25  Roach x4  
  143  9:28  Roach x2  
  143  9:29  Roach x7  
  143  9:31  Roach x9  
  139  9:32  Roach  
  139  9:34  Roach  
  139  9:36  Roach  
  139  9:38  Roach  
  135  9:39  Roach  
  135  9:40  Roach  
  129  9:46  Roach  
  129  9:49  Roach x2  
  130  9:53  Roach  
  130  9:59  Roach  
  119  10:12  Extractor x2  
Show
View Real Time Build Order
Export as new Build Order

Wayne Zerg - Winner!

Build Orders: Hatch First 

Get SALT Encoding   

  12  0:00  Drone  
  13  0:12  Overlord  
  13  0:16  Drone  
  14  0:30  Drone x2  
  16  0:48  Hatchery  
  15  0:50  Drone  
  15  0:54  Drone  
  17  0:57  Drone  
  18  1:07  Extractor  
  17  1:12  Spawning Pool  
  17  1:15  Drone  
  17  1:18  Drone  
  18  1:27  Drone  
  19  1:38  Drone  
  20  1:49  Drone  
  21  1:59  Queen x2  
  21  2:00  Drone, Overlord  
  26  2:10  Drone x2  
  26  2:11  Metabolic Boost  
  28  2:22  Drone  
  29  2:23  Zergling x2  
  30  2:31  Hatchery  
  30  2:34  Drone  
  30  2:38  Drone  
  30  2:43  Zergling x2  
  32  2:46  Baneling Nest  
  32  2:47  Drone  
  32  2:53  Overlord  
  32  2:56  Drone  
  33  3:04  Drone  
  34  3:08  Zergling x4  
  36  3:13  Zergling x2  
  36  3:14  Drone x4  
  36  3:18  Overlord  
  41  3:22  Queen  
  43  3:27  Evolution Chamber  
  43  3:29  Baneling  
  43  3:30  Drone x2  
  43  3:33  Baneling  
  44  3:37  Zergling x2  
  44  3:38  Baneling  
  45  3:43  Zergling x10  
  50  3:51  Overlord  
  50  3:53  Drone  
  50  3:55  Baneling x3  
  50  3:56  Zergling x2  
  51  4:03  Overlord  
  51  4:04  Zergling x2  
  51  4:09  Zergling x6  
  52  4:16  Drone x4  
  56  4:23  Drone x2  
  55  4:28  Zerg Missile Weapons Level 1  
  55  4:30  Drone  
  55  4:36  Drone x2  
  55  4:37  Extractor  
  56  4:38  Extractor  
  56  4:39  Drone x2, Roach Warren  
  56  4:44  Overlord  
  56  4:45  Drone  
  56  4:46  Drone  
  56  4:47  Drone  
  56  4:48  Drone  
  56  4:50  Drone  
  60  4:56  Drone  
  60  5:01  Overlord  
  60  5:03  Baneling x2  
  60  5:04  Overlord  
  60  5:09  Overlord  
  60  5:10  Drone  
  60  5:19  Roach x6  
  72  5:21  Drone  
  72  5:27  Drone x4  
  76  5:30  Lair  
  76  5:34  Drone x3  
  79  5:36  Drone  
  79  5:39  Drone x3  
  82  5:44  Overlord  
  82  5:46  Overlord  
  82  5:47  Drone  
  83  5:51  Extractor, Drone  
  83  5:52  Drone, Evolution Chamber  
  83  5:55  Overlord  
  84  5:59  Roach x3  
  84  6:02  Extractor, Drone  
  84  6:03  Extractor  
  88  6:05  Baneling x2  
  88  6:08  Roach x3  
  94  6:12  Roach x2  
  98  6:21  Drone x2  
  98  6:22  Drone x2  
  101  6:28  Glial Reconstitution  
  101  6:30  Spire  
  99  6:37  Drone x2  
  99  6:38  Drone  
  102  6:44  Overseer  
  102  6:45  Overlord  
  102  6:46  Roach x4, Hatchery  
  107  6:56  Roach x4  
  107  6:58  Overlord  
  107  7:01  Roach x4  
  123  7:06  Overlord  
  123  7:11  Roach x4  
  131  7:16  Overlord  
  131  7:20  Roach x2  
  135  7:41  Overlord  
  135  7:42  Corruptor x7  
  149  7:46  Overlord  
  149  7:49  Roach x2  
  153  7:52  Overlord  
  153  7:58  Overlord  
  153  8:02  Drone x2, Hydralisk Den  
  153  8:04  Roach x4  
  162  8:11  Roach  
  162  8:12  Roach x4  
  172  8:22  Roach x3  
  172  8:27  Roach x3  
  184  8:33  Drone, Grooved Spines  
  185  8:35  Spore Crawler  
  185  8:36  Spore Crawler  
  185  8:37  Spore Crawler  
  182  8:42  Hydralisk x3  
  188  8:49  Overlord, Ravager  
  188  8:54  Roach x2  
  191  9:00  Roach x4  
  183  9:03  Roach x3  
  183  9:09  Roach x4  
  167  9:11  Roach  
  167  9:14  Roach  
  167  9:15  Roach  
  155  9:25  Roach x6  
  158  9:32  Roach  
  158  9:33  Roach x4  
  158  9:35  Roach  
  152  9:39  Roach x3  
  154  9:46  Roach x4  
  154  9:49  Overseer  
  160  9:54  Roach x4  
Tags
 
Add a new tag
Caveats
  • Supply blocks, unpowered buildings, or Contaminate may cause inaccurate times.
  • Supply counts are checked every 10 seconds.